 Dungeon Crawl Stone Soup version 0.31-a0-819-gf6de2f5ab6 (webtiles) character file.

Game seed: 3021344742027823916

53457 qw the Marksgargoyle (level 14, -10/101 HPs)
             Began as a Gargoyle Hunter on Sept 23, 2023.
             Was a High Priest of Okawaru.
             Mangled by a red ugly thing (14 damage)
             ... on level 14 of the Dungeon.
             The game lasted 00:09:43 (19790 turns).

qw the Marksgargoyle (Gargoyle Hunter)             Turns: 19790, Time: 00:09:44

Health: -10/101    AC: 35    Str: 11    XL:     14   Next: 68%
Magic:  20/21      EV: 22    Int: 12    God:    Okawaru [*****.]
Gold:   942        SH:  0    Dex: 20    Spells: 13/13 levels left

rFire   . . .        Y - +0 arbalest
rCold   . . .        (shield currently unavailable)
rNeg    + . .        s - quicksilver dragon scales
rPois   inf          (no helmet)
rElec   +            d - +1 cloak
rCorr   .            (no gloves)
SInv    .            n - +2 pair of boots of the Wasteland {rPois Str-3 Dex+3}
Will    ++...        r - amulet of faith
Stlth   +++          g - +5 ring of evasion
HPRegen 0.36/turn    c - +4 ring of protection
MPRegen 0.17/turn

%: faith
@: about to teleport, heroic, flying
A: sickness immunity, AC +10, big wings, negative energy resistance 1,
electricity resistance, torment resistance 1, petrification resistance, hooves
1, robust 1
a: Renounce Religion, Heroism, Finesse, Duel


You were on level 14 of the Dungeon.
You worshipped Okawaru.
Okawaru was extremely pleased with you.
You visited 3 branches of the dungeon, and saw 20 of its levels.
You also visited: Sewer.

You collected 1530 gold pieces.
You spent 588 gold pieces at shops.


Innate Abilities, Weirdness & Mutations

You are immune to sickness and miasma.
Your stone body is resilient. (AC +10)
You are immune to poison.
Your large and strong wings let you fly.
You resist negative energy. (rN+)
You are resistant to electric shocks. (rElec)
You are resistant to unholy torment.
You are immune to petrification.
You have large cloven feet.
You are robust. (+10% HP)


   Skills:
 + Level 12.3(17.3) Fighting
 - Level 18.0(23.0) Ranged Weapons
 - Level 10.1(15.1) Armour
 - Level 6.0(11.0) Dodging
 - Level 1.1(6.1) Stealth
 - Level 10.0 Invocations


You had 13 spell levels left.
You didn't know any spells.
Your spell library was empty.

Inventory:

Hand Weapons
 Y - a +0 arbalest (weapon)
Armour
 d - a +1 cloak (worn)
 n - the +2 pair of boots of the Wasteland (worn) {rPois Str-3 Dex+3}
   (You acquired it on level 13 of the Dungeon)

   Str-3:     It affects your strength (-3).
   Dex+3:     It affects your dexterity (+3).
   rPois:     It protects you from poison
 s - quicksilver dragon scales (worn)
Jewellery
 c - a +4 ring of protection (right hand)
 g - a +5 ring of evasion (left hand)
 q - the amulet "Coluopor" {Acrobat Contam Fragile +Blink Int+8}
   (You found it on level 5 of the Lair of Beasts)

   [amulet of the acrobat]

   Acrobat:   It increases your evasion while moving and waiting.
   Int+8:     It affects your intelligence (+8).
   +Blink:    It lets you blink.
   Contam:    It causes magical contamination when unequipped.
   Fragile:   It will be destroyed if unequipped.
 r - an amulet of faith (around neck)
Wands
 m - a wand of digging (10)
Scrolls
 a - 14 scrolls of identify
 h - 3 scrolls of teleportation
Potions
 e - 11 potions of curing
 f - 6 potions of haste
 i - 3 potions of might
 j - 2 potions of cancellation
 k - a potion of enlightenment
 l - 4 potions of heal wounds
 o - a potion of mutation
 p - a potion of resistance
 t - 4 potions of magic

Dungeon Overview and Level Annotations

Branches:
Dungeon (14/15)            Temple (1/1) D:7            Lair (5/5) D:11
 Shoals (0/4) Lair:2        Snake (0/4) Lair:2        Slime (0/5) Lair:5
    Orc (0/2) D:11         Vaults (0/5) D:13          Sewer (visited)

Altars:
Ashenzari
Cheibriados
Dithmenos
Elyvilon
Fedhas
Gozag
Hepliaklqana
Kikubaaqudgha
Makhleb
Nemelex Xobeh
Okawaru
Qazlal
Ru
Sif Muna
Trog
Uskayaw
Vehumet
Wu Jian
Xom
Yredelemnul
Zin
The Shining One
Jiyva

Shops:
D:3 (   D:11 :!

Annotations:
D:3 exclusion: moth of wrath
D:9 2 transporters, qw's ghost, journeyman GrHu
Lair:1 3 runed translucent doors, qw's ghost, journeyman GrFi
Lair:2 2 transporters, qw's ghost, journeyman GrFi
Lair:3 2 runed translucent doors, qw's ghost, journeyman GrHu


Message History

The red ugly thing kicks you but does no damage.
The cyan ugly thing engulfs you but does no damage.
The cyan ugly thing closely misses you.
19783 |||
Found retreat position at 1,0 (cyan ugly thing; floor) with 0 blocking monsters and 1 monsters attacking at destination at distance 1 You shoot a bolt.
The bolt barely misses the cyan ugly thing.
The cyan ugly thing basks in the mutagenic energy from its kin and changes!
The red ugly thing barely misses you. The cyan ugly thing barely misses you.
19784 |||
Found retreat position at 1,0 (cyan ugly thing; floor) with 0 blocking monsters and 1 monsters attacking at destination at distance 1 You shoot a bolt.
The bolt hits the cyan ugly thing!
The cyan ugly thing is almost dead.
The red ugly thing kicks you but does no damage.
The cyan ugly thing tail-slaps you! The cyan ugly thing shocks you. You resist.
19785 |||
Found retreat position at 1,0 (cyan ugly thing; floor) with 0 blocking monsters and 1 monsters attacking at destination at distance 1 You shoot a bolt.
The bolt hits the cyan ugly thing!
You kill the cyan ugly thing!
Okawaru accepts your kill.
The red ugly thing kicks you but does no damage.
The red ugly thing stings you.
You are engulfed in flames!
You shoot a bolt. The bolt hits the red ugly thing!!
The red ugly thing is moderately wounded.
The red ugly thing closely misses you. The red ugly thing misses you.
You shoot a bolt. The bolt hits the red ugly thing!!
The red ugly thing is severely wounded.
The red ugly thing barely misses you.
The red ugly thing stings you but does no damage.
You shoot a bolt.
The bolt barely misses the red ugly thing.
The red ugly thing misses you.
The red ugly thing stings you but does no damage.
The red ugly thing kicks you but does no damage.
You shoot a bolt. The bolt hits the red ugly thing!
The red ugly thing is severely wounded.
The red ugly thing stings you!
You are engulfed in flames!
The red ugly thing basks in the mutagenic energy from its kin and changes!
19790 ||| READING 4 scrolls of teleportation.
As you read the scroll of teleportation, it crumbles to dust.
You feel strangely unstable. The red ugly thing stings you!
You are engulfed in flames!
You die...

#.... #..........# ...
#..........#
#########'#########'.##.#
.........................
..........u.........##.|.
#...........####..###..
#.....##....# #..# ##.
.#..>.u##....####..####.
.......u@%%..............
#########################


You could see 2 ugly things.

Vanquished Creatures
  Jorgrun (D:14)
  Josephine (D:14)
  A fire dragon (Lair:5)
  Harold (D:11)
  5 hydras
  3 centaur warriors
  Erolcha (D:9)
  3 boulder beetles
  3 two-headed ogres
  A tengu warrior (D:14)
  A swamp dragon (Lair:5)
  An orc knight (D:13)
  3 deep elf pyromancers
  5 ugly things
  An oklob plant (Lair:3)
  A manticore (D:13)
  5 cyclopes
  6 elephants
  5 black mambas
  17 cane toads
  A yaktaur (D:13)
  8 komodo dragons
  5 rime drakes
  An unseen horror (shapeshifter) (D:13)
  4 trolls
  2 polar bears
  Prince Ribbit (D:7)
  Grinder (D:6)
  3 hornets
  5 dream sheep (Lair:5)
  A snapping turtle (Lair:2)
  6 slime creatures (D:13)
  A vampire (D:12)
  A shadow (D:12)
  A culicivora (shapeshifter) (D:9)
  13 yaks
  4 wraiths
  6 wyverns
  Eustachio (D:6)
  10 basilisks
  3 steam dragons
  10 vampire mosquitoes
  3 nagas (Lair:2)
  3 acid dragons
  15 water moccasins
  7 orc warriors
  A sky beast (D:7)
  4 black bears
  3 ice beasts
  An ogre (D:5)
  23 centaurs
  9 wolves
  A phantom (D:7)
  3 kobold brigands
  13 bullfrogs
  3 gnoll sergeants
  2 scorpions
  3 wights (D:8)
  16 killer bees
  4 howler monkeys
  7 electric eels
  6 hounds
  3 jellies
  9 orc priests
  A gnoll bouda (D:4)
  14 iguanas
  7 orc wizards
  2 sleepcaps
  21 gnolls
  6 river rats (Sewer)
  12 adders
  3 shadow imps
  A white imp (D:6)
  9 worms
  46 orcs
  8 ball pythons
  6 endoplasms
  A giant cockroach (D:4)
  6 goblins
  6 hobgoblins
  4 jackals (Sewer)
  4 quokkas
  7 bats
  8 frilled lizards
  16 kobolds
  16 rats
496 creatures vanquished.

Notes
Turn   | Place    | Note
-------+----------+-------------------------------------------
     0 | D:1      | qw the Gargoyle Hunter began the quest for the Orb.
     0 | D:1      | Reached XP level 1. HP: 12/12 MP: 1/1
     0 | D:1      | 0 ||| qw: Version: 0.3-a-83-gcd0e7d8
     0 | D:1      | 0 ||| qw: Game counter: 1449
     0 | D:1      | 0 ||| qw: Melee chars always use a shield: true
     0 | D:1      | 0 ||| qw: God list: Okawaru
     0 | D:1      | 0 ||| qw: Allow faded altars: false
     0 | D:1      | 0 ||| qw: Do Orc after clearing Dungeon:15 true
     0 | D:1      | 0 ||| qw: Do second Lair branch before Depths: true
     0 | D:1      | 0 ||| qw: Lair rune preference: random
     0 | D:1      | 0 ||| qw: Goals: Normal
     0 | D:1      | 0 ||| PLANNING D:1-11
   121 | D:1      | Reached XP level 2. HP: 17/17 MP: 2/2
   133 | D:1      | Found a faded altar of an unknown god.
   447 | D:1      | Reached XP level 3. HP: 21/21 MP: 3/3
   735 | D:1      | 735 ||| UPGRADING to +0 ring mail.
   745 | D:1      | 745 ||| DROPPING +0 leather armour.
   746 | D:1      | 746 ||| DROPPING +6 ring of intelligence.
   747 | D:1      | 747 ||| READING scroll labelled NYSI XATAWIUCK.
   748 | D:1      | 748 ||| READING scroll labelled XUTEOMOPRU.
   749 | D:1      | 749 ||| READING scroll labelled DISIUF KEUTU.
   750 | D:1      | 750 ||| DRINKING 2 emerald potions.
   751 | D:1      | 751 ||| DROPPING scroll of butterflies.
   856 | D:2      | Reached skill level 1 in Armour
   865 | D:2      | Reached skill level 5 in Ranged Weapons
  1252 | D:2      | Reached XP level 4. HP: 22/27 MP: 4/4
  1515 | D:2      | 1515 ||| UPGRADING to amulet of the acrobat.
  1520 | D:2      | 1520 ||| READING scroll labelled USMAER YHUL.
  1523 | D:2      | 1523 ||| READING scroll labelled KUOVUWNY YNTEF.
  1542 | D:2      | 1542 ||| DRINKING 2 clear potions.
  1647 | D:2      | 1647 ||| DRINKING 2 fizzy puce potions.
  1647 | D:2      | Gained mutation: You are frail. (-10% HP) [potion of
                  | mutation]
  1647 | D:2      | Gained mutation: You are agile. (Dex +4, Str/Int -1)
                  | [potion of mutation]
  1647 | D:2      | Gained mutation: You passively map a small area around you.
                  | [potion of mutation]
  1648 | D:2      | 1648 ||| DRINKING potion of mutation.
  1648 | D:2      | Lost mutation: You are agile. (Dex +4, Str/Int -1) [potion
                  | of mutation]
  1648 | D:2      | Lost mutation: You are frail. (-10% HP) [potion of
                  | mutation]
  1648 | D:2      | Lost mutation: You passively map a small area around you.
                  | [potion of mutation]
  1648 | D:2      | Gained mutation: You have large cloven feet. [potion of
                  | mutation]
  1648 | D:2      | Gained mutation: You are robust. (+10% HP) [potion of
                  | mutation]
  1668 | D:2      | 1668 ||| DROPPING potion of berserk rage.
  1683 | D:3      | Reached skill level 3 in Fighting
  1736 | D:3      | Found a broken altar of Ashenzari.
  1754 | D:3      | 1754 ||| UPGRADING to +0 pair of boots.
  1759 | D:3      | 1759 ||| UPGRADING to +5 ring of evasion.
  1760 | D:3      | 1760 ||| READING 2 scrolls of identify.
  1760 | D:3      | 1760 ||| IDENTIFYING bubbling amethyst potion
  1910 | D:3      | Reached XP level 5. HP: 35/35 MP: 5/5
  2150 | D:3      | Found Tuoza's Antique Weapon Emporium.
  2155 | D:3      | 2155 ||| BUYING runed shortbow (126 gold).
  2155 | D:3      | Bought a runed shortbow for 126 gold pieces
  2155 | D:3      | 2155 ||| SWAPPING to +4 shortbow of draining.
  2156 | D:3      | 2156 ||| DROPPING +0 shortbow.
  2347 | D:3      | Found a faded altar of an unknown god.
  2350 | D:3      | Found a hide-covered altar of Uskayaw.
  2394 | D:3      | Noticed a moth of wrath
  2395 | D:3      | 2395 ||| READING scroll labelled CITAODW USUWE.
  2396 | D:3      | 2396 ||| FLEEEEING.
  2516 | D:3      | 2516 ||| DRINKING 2 white potions.
  2517 | D:3      | 2517 ||| DRINKING 2 smoky inky potions.
  2518 | D:3      | 2518 ||| READING 2 scrolls of identify.
  2518 | D:3      | 2518 ||| IDENTIFYING metallic amethyst potion
  2519 | D:3      | 2519 ||| DROPPING potion of invisibility.
  2522 | D:3      | Found a bloodstained altar of Trog.
  2563 | D:4      | 2563 ||| PLANNING SEWER
  2609 | D:4      | Reached skill level 6 in Ranged Weapons
  2672 | D:4      | Reached XP level 6. HP: 41/41 MP: 6/6
  3102 | D:4      | Reached skill level 7 in Ranged Weapons
  3113 | D:4      | Reached XP level 7. HP: 44/47 MP: 7/7
  3173 | D:4      | Found a glowing drain.
  3181 | D:4      | 3181 ||| DROPPING ring of wizardry.
  3182 | D:4      | 3182 ||| READING scroll labelled HUQITW SEINI.
  3183 | D:4      | 3183 ||| READING scroll labelled TEX PEUROB.
  3184 | D:4      | 3184 ||| READING scroll labelled TYASMIM LETAIS.
  3194 | Sewer    | Entered a sewer
  3233 | Sewer    | 3233 ||| Stepping ~*~*~tactically~*~*~ (water).
  3297 | Sewer    | Reached skill level 8 in Ranged Weapons
  3486 | Sewer    | 3486 ||| Stepping ~*~*~tactically~*~*~ (water).
  3665 | Sewer    | 3665 ||| Stepping ~*~*~tactically~*~*~ (water).
  3753 | D:4      | 3753 ||| PLANNING D:1-11
  3796 | D:4      | 3796 ||| STAIRDANCE
  3914 | D:5      | Entered Level 5 of the Dungeon
  3987 | D:5      | Reached XP level 8. HP: 53/53 MP: 8/8
  4308 | D:5      | Reached skill level 9 in Ranged Weapons
  4419 | D:5      | Reached skill level 6 in Fighting
  4468 | D:5      | 4468 ||| FLEEEEING.
  4469 | D:5      | 4469 ||| FLEEEEING.
  4470 | D:5      | 4470 ||| FLEEEEING.
  4576 | D:5      | Found a sacrificial altar of Ru.
  4608 | D:5      | Found a glowing golden altar of the Shining One.
  4956 | D:5      | 4956 ||| READING scroll labelled RADDAO XYKHLIN.
  4992 | D:6      | Noticed Grinder
  4999 | D:6      | Killed Grinder
  5000 | D:6      | Reached skill level 10 in Ranged Weapons
  5000 | D:6      | Reached XP level 9. HP: 61/61 MP: 9/9
  5110 | D:6      | Noticed Eustachio
  5119 | D:6      | 5119 ||| Stepping ~*~*~tactically~*~*~ (retreating).
  5120 | D:6      | 5120 ||| Stepping ~*~*~tactically~*~*~ (retreating).
  5121 | D:6      | 5121 ||| Stepping ~*~*~tactically~*~*~ (retreating).
  5122 | D:6      | 5122 ||| Stepping ~*~*~tactically~*~*~ (retreating).
  5123 | D:6      | 5123 ||| Stepping ~*~*~tactically~*~*~ (retreating).
  5124 | D:6      | Killed Eustachio
  5170 | D:6      | 5170 ||| READING scroll of enchant armour.
  5170 | D:6      | 5170 ||| ENCHANTING +0 pair of boots.
  5495 | D:6      | 5495 ||| READING 3 scrolls of identify.
  5495 | D:6      | 5495 ||| IDENTIFYING viscous yellow potion
  5496 | D:6      | 5496 ||| READING 2 scrolls of identify.
  5496 | D:6      | 5496 ||| IDENTIFYING yellow potion
  5550 | D:7      | Found a shadowy altar of Dithmenos.
  5580 | D:7      | Reached skill level 11 in Ranged Weapons
  5582 | D:7      | Found a staircase to the Ecumenical Temple.
  5583 | D:7      | 5583 ||| PLANNING TEMPLE
  5592 | Temple   | Entered the Ecumenical Temple
  5593 | Temple   | 5593 ||| PLANNING OKAWARU WORSHIP
  5597 | Temple   | Became a worshipper of Warmaster Okawaru
  5598 | Temple   | 5598 ||| PLANNING D:1-11
  5647 | D:7      | Reached skill level 3 in Dodging
  5713 | D:7      | Reached skill level 3 in Armour
  5771 | D:7      | Noticed Prince Ribbit
  5775 | D:7      | Killed Prince Ribbit
  6006 | D:7      | Noticed a hornet
  6010 | D:7      | Reached * piety under Okawaru
  6020 | D:7      | Killed a hornet
  6021 | D:7      | Reached skill level 1 in Invocations
  6021 | D:7      | Reached XP level 10. HP: 60/70 MP: 9/11
  6427 | D:7      | 6427 ||| UPGRADING to ring of willpower.
  6510 | D:8      | Reached skill level 3 in Invocations
  6566 | D:8      | Found an ancient bone altar of Kikubaaqudgha.
  6755 | D:8      | Reached skill level 12 in Ranged Weapons
  6874 | D:8      | Reached ** piety under Okawaru
  6880 | D:8      | 6880 ||| FLEEEEING.
  6881 | D:8      | 6881 ||| FLEEEEING.
  6882 | D:8      | 6882 ||| FLEEEEING.
  7028 | D:8      | 7028 ||| INVOKING Heroism.
  7060 | D:8      | Found a flagged portal.
  7307 | D:8      | 7307 ||| SWAPPING to +0 orcbow.
  7308 | D:8      | 7308 ||| DROPPING +5 shortbow of draining.
  7338 | D:9      | 7338 ||| INVOKING Heroism.
  7454 | D:9      | Noticed a centaur warrior
  7455 | D:9      | Noticed an oklob plant
  7456 | D:9      | Noticed qw's ghost (journeyman GrHu)
  7457 | D:9      | Noticed a centaur warrior
  7461 | D:9      | Noticed an oklob plant
  7467 | D:9      | Found a transporter.
  7484 | D:9      | 7484 ||| INVOKING Heroism.
  7495 | D:9      | 7495 ||| Stepping ~*~*~tactically~*~*~ (cloud).
  7496 | D:9      | 7496 ||| Stepping ~*~*~tactically~*~*~ (cloud).
  7557 | D:9      | Found a radiant altar of Vehumet.
  7575 | D:9      | 7575 ||| INVOKING Heroism.
  7585 | D:9      | Reached skill level 13 in Ranged Weapons
  7722 | D:9      | 7722 ||| FLEEEEING.
  7723 | D:9      | 7723 ||| FLEEEEING.
  7772 | D:9      | 7772 ||| INVOKING Heroism.
  7791 | D:9      | Reached skill level 9 in Fighting
  8015 | D:9      | Noticed a green ugly thing
  8016 | D:9      | 8016 ||| UPGRADING to +0 steam dragon scales.
  8026 | D:9      | 8026 ||| DROPPING +0 ring mail.
  8027 | D:9      | 8027 ||| READING 2 scrolls labelled DAEGID IJOBAIST.
  8028 | D:9      | 8028 ||| DRINKING 2 fizzy inky potions.
  8029 | D:9      | 8029 ||| DRINKING 2 fuming silvery potions.
  8063 | D:9      | 8063 ||| DROPPING scroll of immolation.
  8064 | D:9      | 8064 ||| DROPPING potion of degeneration.
  8065 | D:9      | 8065 ||| DROPPING potion of lignification.
  8082 | D:9      | Killed a green ugly thing
  8082 | D:9      | Reached *** piety under Okawaru
  8083 | D:9      | Reached XP level 11. HP: 77/78 MP: 14/14
  8168 | D:9      | Noticed Erolcha
  8169 | D:9      | 8169 ||| INVOKING Heroism.
  8180 | D:9      | Killed Erolcha
  8333 | D:9      | 8333 ||| RETREEAATING.
  8334 | D:9      | 8334 ||| STILL RETREEAATING.
  8335 | D:9      | 8335 ||| STILL RETREEAATING.
  8336 | D:9      | 8336 ||| STILL RETREEAATING.
  8337 | D:9      | 8337 ||| STILL RETREEAATING.
  8349 | D:9      | 8349 ||| Stepping ~*~*~tactically~*~*~ (retreating).
  8350 | D:9      | 8350 ||| Stepping ~*~*~tactically~*~*~ (retreating).
  8378 | D:9      | 8378 ||| INVOKING Heroism.
  8385 | D:9      | Reached skill level 14 in Ranged Weapons
  8462 | D:9      | 8462 ||| UPGRADING to +0 cloak.
  8626 | D:9      | Found a transporter.
  8760 | D:10     | Entered Level 10 of the Dungeon
  8956 | D:10     | 8956 ||| INVOKING Heroism.
  9079 | D:10     | Found a basalt altar of Yredelemnul.
  9565 | D:10     | 9565 ||| READING scroll labelled GENEERH QIARAYC.
  9619 | D:11     | Reached **** piety under Okawaru
  9714 | D:11     | Found a staircase to the Lair.
  9890 | D:11     | Noticed Harold
  9891 | D:11     | 9891 ||| INVOKING Heroism.
  9897 | D:11     | 9897 ||| RETREEAATING.
  9944 | D:11     | 9944 ||| INVOKING Heroism.
  9947 | D:11     | 9947 ||| Stepping ~*~*~tactically~*~*~ (retreating).
  9948 | D:11     | 9948 ||| STAIRDANCE
  9960 | D:10     | 9960 ||| READING 5 scrolls of identify.
  9960 | D:10     | 9960 ||| IDENTIFYING golden potion
  9963 | D:11     | 9963 ||| STAIRDANCE
  9969 | D:10     | 9969 ||| INVOKING Heroism.
 10063 | D:11     | 10063 ||| INVOKING Heroism.
 10064 | D:11     | 10064 ||| STAIRDANCE
 10092 | D:11     | 10092 ||| STAIRDANCE
 10125 | D:11     | 10125 ||| INVOKING Heroism.
 10126 | D:11     | 10126 ||| STAIRDANCE
 10254 | D:11     | 10254 ||| INVOKING Heroism.
 10263 | D:11     | HP: 18/79 [centaur/arrow (2)]
 10264 | D:11     | 10264 ||| READING 4 scrolls of teleportation.
 10265 | D:11     | 10265 ||| DRINKING 4 potions of heal wounds.
 10266 | D:11     | 10266 ||| STAIRDANCE
 10283 | D:11     | 10283 ||| INVOKING Heroism.
 10294 | D:11     | Killed Harold
 10486 | D:11     | 10486 ||| INVOKING Heroism.
 10554 | D:11     | Noticed a two-headed ogre
 10555 | D:11     | Found Ydoral's Distillery.
 10670 | D:11     | 10670 ||| INVOKING Heroism.
 10680 | D:11     | Killed a two-headed ogre
 10702 | D:11     | 10702 ||| BUYING potion of cancellation (112 gold).
 10702 | D:11     | Bought a potion of cancellation for 112 gold pieces
 10702 | D:11     | 10702 ||| BUYING potion of curing (42 gold).
 10702 | D:11     | Bought a potion of curing for 42 gold pieces
 10702 | D:11     | 10702 ||| BUYING potion of haste (140 gold).
 10702 | D:11     | Bought a potion of haste for 140 gold pieces
 10702 | D:11     | 10702 ||| BUYING potion of magic (112 gold).
 10702 | D:11     | Bought a potion of magic for 112 gold pieces
 10702 | D:11     | 10702 ||| BUYING potion of might (56 gold).
 10702 | D:11     | Bought a potion of might for 56 gold pieces
 10702 | D:11     | 10702 ||| SHOPLISTING potion of mutation (112 gold, have
                  | 95).
 10713 | D:11     | Found Nieren's Tremendous Tomes.
 10751 | D:11     | 10751 ||| INVOKING Heroism.
 10772 | D:11     | 10772 ||| Stepping ~*~*~tactically~*~*~ (retreating).
 10783 | D:11     | 10783 ||| INVOKING Heroism.
 10788 | D:11     | Reached XP level 12. HP: 70/84 MP: 12/15
 10821 | D:11     | 10821 ||| INVOKING Heroism.
 10843 | D:11     | Reached skill level 15 in Ranged Weapons
 10916 | D:11     | 10916 ||| SWAPPING to +0 arbalest.
 10917 | D:11     | 10917 ||| DROPPING +0 orcbow.
 10929 | D:11     | Found a staircase to the Orcish Mines.
 11010 | D:11     | Noticed a two-headed ogre
 11015 | D:11     | Killed a two-headed ogre
 11052 | D:11     | 11052 ||| INVOKING Heroism.
 11111 | D:11     | 11111 ||| PLANNING LAIR
 11111 | D:11     | 11111 ||| READING 2 scrolls labelled ESKILU BOAXO.
 11112 | D:11     | 11112 ||| READING scroll labelled LAISOSIDICIF.
 11113 | D:11     | 11113 ||| DROPPING scroll of poison.
 11174 | Lair:1   | Entered Level 1 of the Lair of Beasts
 11182 | Lair:1   | 11182 ||| RETREEAATING.
 11183 | Lair:1   | 11183 ||| STILL RETREEAATING.
 11186 | Lair:1   | 11186 ||| RETREEAATING.
 11187 | Lair:1   | 11187 ||| STILL RETREEAATING.
 11189 | Lair:1   | 11189 ||| STILL RETREEAATING.
 11189 | Lair:1   | Noticed qw's ghost (journeyman GrFi)
 11190 | Lair:1   | 11190 ||| STILL RETREEAATING.
 11195 | Lair:1   | 11195 ||| RETREEAATING.
 11196 | Lair:1   | 11196 ||| Stepping ~*~*~tactically~*~*~ (retreating).
 11197 | Lair:1   | 11197 ||| Stepping ~*~*~tactically~*~*~ (retreating).
 11277 | Lair:1   | Found a runed translucent gate.
 11277 | Lair:1   | Found a runed translucent gate.
 11305 | Lair:1   | Noticed a minotaur
 11322 | Lair:1   | Found a runed translucent gate.
 11417 | Lair:1   | 11417 ||| INVOKING Heroism.
 11446 | Lair:1   | 11446 ||| INVOKING Heroism.
 11458 | Lair:1   | 11458 ||| INVOKING Heroism.
 11505 | Lair:1   | 11505 ||| RETREEAATING.
 11507 | Lair:1   | 11507 ||| Stepping ~*~*~tactically~*~*~ (retreating).
 11512 | Lair:1   | 11512 ||| Stepping ~*~*~tactically~*~*~ (retreating).
 11513 | Lair:1   | 11513 ||| Stepping ~*~*~tactically~*~*~ (retreating).
 11514 | Lair:1   | 11514 ||| Stepping ~*~*~tactically~*~*~ (retreating).
 11516 | Lair:1   | 11516 ||| Stepping ~*~*~tactically~*~*~ (retreating).
 11519 | Lair:1   | Reached skill level 16 in Ranged Weapons
 11740 | Lair:1   | 11740 ||| INVOKING Heroism.
 11741 | Lair:1   | 11741 ||| RETREEAATING.
 11757 | Lair:1   | 11757 ||| INVOKING Heroism.
 11975 | Lair:1   | 11975 ||| RETREEAATING.
 11978 | Lair:1   | 11978 ||| STILL RETREEAATING.
 11979 | Lair:1   | 11979 ||| Stepping ~*~*~tactically~*~*~ (retreating).
 11982 | Lair:1   | 11982 ||| Stepping ~*~*~tactically~*~*~ (retreating).
 11983 | Lair:1   | 11983 ||| Stepping ~*~*~tactically~*~*~ (retreating).
 11984 | Lair:1   | 11984 ||| Stepping ~*~*~tactically~*~*~ (retreating).
 11985 | Lair:1   | 11985 ||| Stepping ~*~*~tactically~*~*~ (retreating).
 11986 | Lair:1   | 11986 ||| INVOKING Heroism.
 12120 | Lair:1   | 12120 ||| INVOKING Heroism.
 12125 | Lair:1   | Noticed a boulder beetle
 12185 | Lair:1   | 12185 ||| INVOKING Heroism.
 12213 | Lair:1   | 12213 ||| Stepping ~*~*~tactically~*~*~ (retreating).
 12214 | Lair:1   | 12214 ||| RETREEAATING.
 12216 | Lair:1   | 12216 ||| INVOKING Heroism.
 12217 | Lair:1   | 12217 ||| Stepping ~*~*~tactically~*~*~ (retreating).
 12224 | Lair:1   | Killed a boulder beetle
 12447 | Lair:1   | 12447 ||| UPGRADING to amulet of faith.
 12548 | Lair:2   | Found a staircase to the Shoals.
 12735 | Lair:2   | 12735 ||| INVOKING Heroism.
 12753 | Lair:2   | Reached skill level 6 in Invocations
 12754 | Lair:2   | Found a staircase to the Snake Pit.
 12786 | Lair:2   | Reached XP level 13. HP: 92/92 MP: 17/17
 12898 | Lair:2   | Found a transporter.
 12901 | Lair:2   | Noticed qw's ghost (journeyman GrFi)
 12908 | Lair:2   | Found a transporter.
 13056 | Lair:2   | Found a dark tunnel.
 13321 | Lair:2   | 13321 ||| DROPPING amulet of guardian spirit.
 13388 | Lair:3   | Found a shimmering blue altar of Sif Muna.
 13390 | Lair:3   | 13390 ||| INVOKING Heroism.
 13397 | Lair:3   | 13397 ||| FLEEEEING.
 13398 | Lair:3   | 13398 ||| FLEEEEING.
 13403 | Lair:3   | 13403 ||| STAIRDANCE
 13601 | Lair:3   | 13601 ||| FLEEEEING.
 13602 | Lair:3   | 13602 ||| STAIRDANCE
 13707 | Lair:3   | 13707 ||| RETREEAATING.
 13708 | Lair:3   | 13708 ||| Stepping ~*~*~tactically~*~*~ (retreating).
 13722 | Lair:3   | 13722 ||| INVOKING Heroism.
 13728 | Lair:3   | Reached skill level 17 in Ranged Weapons
 13751 | Lair:3   | 13751 ||| INVOKING Heroism.
 14101 | Lair:3   | 14101 ||| INVOKING Heroism.
 14436 | Lair:3   | Found a large runed translucent door.
 14439 | Lair:3   | Found a large runed translucent door.
 14441 | Lair:3   | Noticed qw's ghost (journeyman GrHu)
 14564 | Lair:3   | 14564 ||| READING scroll labelled MITHIO ZOEXTEL.
 14610 | Lair:4   | 14610 ||| RETREEAATING.
 14612 | Lair:4   | 14612 ||| RETREEAATING.
 14614 | Lair:4   | 14614 ||| RETREEAATING.
 14616 | Lair:4   | 14616 ||| Stepping ~*~*~tactically~*~*~ (retreating).
 14618 | Lair:4   | 14618 ||| Stepping ~*~*~tactically~*~*~ (retreating).
 14625 | Lair:4   | 14625 ||| INVOKING Heroism.
 14641 | Lair:4   | 14641 ||| INVOKING Heroism.
 14651 | Lair:4   | Reached skill level 6 in Dodging
 14785 | Lair:4   | 14785 ||| INVOKING Heroism.
 14796 | Lair:4   | Reached ***** piety under Okawaru
 14849 | Lair:4   | 14849 ||| INVOKING Heroism.
 15039 | Lair:4   | Reached skill level 9 in Invocations
 15095 | Lair:4   | 15095 ||| INVOKING Heroism.
 15189 | Lair:4   | 15189 ||| INVOKING Heroism.
 15341 | Lair:4   | Identified the +5 rapier of Oozing Pus {heavy, Str+2}
 15477 | Lair:4   | 15477 ||| UPGRADING to quicksilver dragon scales.
 15487 | Lair:4   | 15487 ||| DROPPING +0 steam dragon scales.
 15513 | Lair:5   | Entered Level 5 of the Lair of Beasts
 15520 | Lair:5   | Identified the amulet "Coluopor" {Acrobat Contam Fragile
                  | +Blink Int+8}
 15559 | Lair:5   | 15559 ||| INVOKING Heroism.
 15737 | Lair:5   | 15737 ||| RETREEAATING.
 15749 | Lair:5   | 15749 ||| RETREEAATING.
 15750 | Lair:5   | 15750 ||| STILL RETREEAATING.
 15751 | Lair:5   | 15751 ||| STILL RETREEAATING.
 15752 | Lair:5   | 15752 ||| STILL RETREEAATING.
 15753 | Lair:5   | 15753 ||| STILL RETREEAATING.
 15755 | Lair:5   | 15755 ||| STILL RETREEAATING.
 15760 | Lair:5   | Reached skill level 6 in Armour
 15770 | Lair:5   | 15770 ||| INVOKING Heroism.
 15840 | Lair:5   | 15840 ||| INVOKING Heroism.
 15869 | Lair:5   | 15869 ||| INVOKING Heroism.
 15998 | Lair:5   | 15998 ||| INVOKING Heroism.
 15999 | Lair:5   | 15999 ||| INVOKING Finesse.
 16421 | Lair:5   | 16421 ||| INVOKING Heroism.
 16422 | Lair:5   | 16422 ||| Stepping ~*~*~tactically~*~*~ (cloud).
 16425 | Lair:5   | 16425 ||| Stepping ~*~*~tactically~*~*~ (cloud).
 16427 | Lair:5   | 16427 ||| Stepping ~*~*~tactically~*~*~ (cloud).
 16456 | Lair:5   | 16456 ||| RETREEAATING.
 16470 | Lair:5   | 16470 ||| Stepping ~*~*~tactically~*~*~ (cloud).
 16473 | Lair:5   | 16473 ||| INVOKING Heroism.
 16521 | Lair:5   | 16521 ||| FLEEEEING.
 16528 | Lair:5   | 16528 ||| FLEEEEING.
 16529 | Lair:5   | 16529 ||| FLEEEEING.
 16570 | Lair:5   | 16570 ||| Stepping ~*~*~tactically~*~*~ (water).
 16572 | Lair:5   | 16572 ||| Stepping ~*~*~tactically~*~*~ (water).
 16577 | Lair:5   | 16577 ||| DROPPING +1 pair of boots.
 16594 | Lair:5   | 16594 ||| Stepping ~*~*~tactically~*~*~ (water).
 16650 | Lair:5   | Noticed a fire dragon
 16651 | Lair:5   | 16651 ||| INVOKING Heroism.
 16668 | Lair:5   | 16668 ||| Stepping ~*~*~tactically~*~*~ (water).
 16676 | Lair:5   | Gained mutation: Your large and strong wings let you fly.
                  | [Gargoyle growth]
 16676 | Lair:5   | Reached XP level 14. HP: 99/99 MP: 21/21
 16677 | Lair:5   | 16677 ||| INVOKING Finesse.
 16686 | Lair:5   | 16686 ||| INVOKING Heroism.
 16836 | Lair:5   | Found a viscous altar of Jiyva.
 16836 | Lair:5   | Found a staircase to the Slime Pits.
 16960 | Lair:5   | 16960 ||| PLANNING D
 16960 | Lair:5   | 16960 ||| DROPPING amulet of the acrobat.
 16961 | Lair:5   | 16961 ||| READING 13 scrolls of identify.
 16961 | Lair:5   | 16961 ||| IDENTIFYING pink potion
 16962 | Lair:5   | 16962 ||| DROPPING potion of brilliance.
 17101 | D:12     | 17101 ||| STAIRDANCE
 17137 | D:12     | 17137 ||| STAIRDANCE
 17222 | D:12     | 17222 ||| STAIRDANCE
 17352 | D:12     | Reached skill level 9 in Armour
 17444 | D:12     | 17444 ||| READING scroll of enchant armour.
 17444 | D:12     | 17444 ||| ENCHANTING +1 pair of boots.
 17780 | D:12     | 17780 ||| UPGRADING to +4 ring of protection.
 17782 | D:12     | 17782 ||| DROPPING ring of ice.
 17783 | D:12     | 17783 ||| DROPPING ring of willpower.
 17894 | D:13     | 17894 ||| INVOKING Heroism.
 17953 | D:13     | 17953 ||| INVOKING Heroism.
 17967 | D:13     | Identified the +1 ring mail of Cegecuff {Fly rN+++ Will-
                  | Int-5}
 17993 | D:13     | 17993 ||| RETREEAATING.
 17994 | D:13     | 17994 ||| STILL RETREEAATING.
 17995 | D:13     | 17995 ||| STILL RETREEAATING.
 17996 | D:13     | 17996 ||| STILL RETREEAATING.
 17997 | D:13     | 17997 ||| STILL RETREEAATING.
 17998 | D:13     | 17998 ||| STILL RETREEAATING.
 18003 | D:13     | 18003 ||| STILL RETREEAATING.
 18007 | D:13     | 18007 ||| INVOKING Heroism.
 18010 | D:13     | 18010 ||| READING 4 scrolls of teleportation.
 18017 | D:13     | Received a gift from Okawaru
 18260 | D:13     | Reached skill level 18 in Ranged Weapons
 18379 | D:13     | 18379 ||| READING scroll of enchant armour.
 18379 | D:13     | 18379 ||| ENCHANTING +0 cloak.
 18403 | D:13     | 18403 ||| INVOKING Heroism.
 18747 | D:13     | Found a gate to the Vaults.
 18844 | D:13     | 18844 ||| INVOKING Heroism.
 18847 | D:13     | Received a gift from Okawaru
 19177 | D:13     | 19177 ||| DROPPING +1 ring mail of Cegecuff {Fly rN+++
                  | Will- Int-5}.
 19178 | D:13     | 19178 ||| READING scroll labelled PISHRE NASISEN.
 19178 | D:13     | Identified a scroll of acquirement
 19178 | D:13     | 19178 ||| ACQUIRING +2 pair of boots of the Wasteland
                  | {rPois Str-3 Dex+3}
 19178 | D:13     | Acquired the +2 pair of boots of the Wasteland {rPois Str-3
                  | Dex+3}
 19180 | D:13     | 19180 ||| UPGRADING to +2 pair of boots of the Wasteland
                  | {rPois Str-3 Dex+3}.
 19190 | D:13     | 19190 ||| DROPPING +2 pair of boots.
 19227 | D:14     | Reached skill level 12 in Fighting
 19258 | D:14     | Noticed Josephine
 19278 | D:14     | Killed Josephine
 19360 | D:14     | 19360 ||| INVOKING Heroism.
 19540 | D:14     | Noticed Jorgrun
 19541 | D:14     | 19541 ||| INVOKING Heroism.
 19542 | D:14     | 19542 ||| INVOKING Finesse.
 19554 | D:14     | Killed Jorgrun
 19759 | D:14     | 19759 ||| Stepping ~*~*~tactically~*~*~ (retreating).
 19760 | D:14     | 19760 ||| Stepping ~*~*~tactically~*~*~ (retreating).
 19761 | D:14     | 19761 ||| Stepping ~*~*~tactically~*~*~ (retreating).
 19762 | D:14     | 19762 ||| Stepping ~*~*~tactically~*~*~ (retreating).
 19763 | D:14     | 19763 ||| Stepping ~*~*~tactically~*~*~ (retreating).
 19764 | D:14     | 19764 ||| Stepping ~*~*~tactically~*~*~ (retreating).
 19768 | D:14     | 19768 ||| Stepping ~*~*~tactically~*~*~ (retreating).
 19771 | D:14     | 19771 ||| Stepping ~*~*~tactically~*~*~ (retreating).
 19782 | D:14     | 19782 ||| INVOKING Heroism.
 19789 | D:14     | HP: 14/101 [red ugly thing (17)]
 19790 | D:14     | 19790 ||| READING 4 scrolls of teleportation.
 19790 | D:14     | HP: 4/101 [red ugly thing (10)]
 19790 | D:14     | Mangled by a red ugly thing

Levels and vault maps discovered:
D:1:      elethiomel_arrival_diamonds, layout_basic,
          ebering_ecumenical_altar_webs
D:2:      minmay_door_path, layout_loops_cross, minmay_pentomino_q4
D:3:      layout_basic, amcnicky_altar_gilded,
          nicolae_overflow_ecumenical_swirl, tgw_trog, serial_shops,
          nicolae_shop_tiny_real_fake_doors, hex_large, hangedman_decor_growths,
          nicolae_concentric_dashed_squares_wild
D:4:      minmay_evil_eye, layout_loops_ring, cheibrodos_sewer_entry_bend
D:5:      layout_loops_ring, mainiacjoe_overflow_two_lobes,
          grunt_decor_one_mirror
D:6:      layout_cave_pools, nrook_campfire, uniq_eustachio, uniq_grinder
D:7:      layout_basic, kennysheep_mini_moat, minmay_temple_entry_slanted,
          uniq_prince_ribbit1
D:8:      layout_basic, old_standard_altar, enter_bailey_2
D:9:      layout_long_grid, nicolae_overflow_crystal_walls, nzn_ghost_randoct,
          minmay_shattered_shrine, uniq_erolcha
D:10:     layout_loops_ring, yredelemnul_altar_generic
D:11:     layout_basic, erik_lair_dragon, david_orc_4,
          portal_ice_cave_entry_pillars_2, serial_shops,
          nicolae_shop_window_shopping, nicolae_shop_i_like_big_books,
          uniq_harold
D:12:     layout_roguey
D:13:     minmay_cornered_nines, layout_long_grid,
          hellmonk_vaults_attempted_burglary
D:14:     layout_stronghold, fedhas_altar_4, uniq_josephine, uniq_jorgrun
Temple:   nicolae_temple_ecumenical_triangle
Lair:1:   layout_long_grid, maelrawn_ghost_gauntlet_escape,
          small_statue_intersection, pdpol_lair_cavern_descent
Lair:2:   layout_regular_city, minmay_shoals_entry_hut,
          minmay_snake_entry_guardpost_small, gammafunk_ghost_arena,
          nicolae_volcano_entry_lava_flow, small_statue_intersection,
          infiniplex_staircase_pool, grunt_megastairs_3
Lair:3:   layout_loops_ring, basic_altar, ebering_ghost_disaster_area
Lair:4:   layout_roguey, grunt_megastairs_5, lemuel_fruit_tree,
          serial_bayou_shore_b, serial_bayou_shore_a,
          infiniplex_staircase_pool_2
Lair:5:   wormcave, layout_cave_pods, guppyfry_lair_end_dragon,
          dpeg_slime_entry_enclosed

Skill      XL: |  1  2  3  4  5  6  7  8  9 10 11 12 13 14 |
---------------+-------------------------------------------+-----
Armour         | 1 2 3 4 5 8 10 | 10.1
Ranged Weapons | 5 6 7 8 10 11 13 14 16 17 18 | 18.0
Fighting       | 3 4 5 6 8 9 10 11 12 | 12.3
Dodging        | 2 3 5 6 |  6.0
Invocations    | 1 4 6 10 | 10.0
Stealth        | |  1.1

Action                     |  1- 3 |  4- 6 |  7- 9 | 10-12 | 13-15 || total
---------------------------+-------+-------+-------+-------+-------++-------
   Fire: Shortbow          |   106 |   159 |   346 |   112 |       ||   723
         Orcbow            |       |       |       |   554 |       ||   554
         Arbalest          |       |       |       |   283 |   700 ||   983
 Invoke: Heroism           |       |       |       |    31 |    27 ||    58
         Finesse           |       |       |       |       |     3 ||     3
    Use: Scroll            |     3 |     5 |     7 |     6 |     7 ||    28
         Potion            |     1 |     5 |       |     3 |       ||     9
 Armour: Leather armour    |     8 |       |       |       |       ||     8
         Ring mail         |    25 |    32 |    54 |    83 |       ||   194
         Steam dragon scal |       |       |       |   203 |    95 ||   298
         Quicksilver drago |       |       |       |       |   287 ||   287
  Dodge: Dodged            |    24 |    59 |    90 |   560 |   586 ||  1319

Table legend:
 A = Non-vault XP
 B = Vault XP
 C = Vault XP percentage of total XP
 D = Non-vault monster count
 E = Vault monster count
 F = Vault count percentage of total count
                 A         B        C        D         E       F
            +---------+---------+-------+---------+---------+-------
      Total |   55074 |   21294 |  27.9 |     371 |     125 |  25.2
            +---------+---------+-------+---------+---------+-------
        D:1 |      28 |       9 |  24.3 |      17 |       7 |  29.2
        D:2 |      40 |      18 |  31.0 |      11 |       5 |  31.2
        D:3 |     113 |      15 |  11.7 |      22 |       3 |  12.0
        D:4 |     468 |      53 |  10.2 |      21 |       5 |  19.2
        D:5 |    1179 |       0 |   0.0 |      39 |       0 |   0.0
        D:6 |     458 |     469 |  50.6 |      22 |       2 |   8.3
        D:7 |    1535 |     283 |  15.6 |      16 |       1 |   5.9
        D:8 |    1594 |       0 |   0.0 |      27 |       0 |   0.0
        D:9 |    2717 |    2688 |  49.7 |      16 |       9 |  36.0
       D:10 |    1702 |       0 |   0.0 |      20 |       0 |   0.0
       D:11 |    5381 |    2306 |  30.0 |      28 |      19 |  40.4
       D:12 |    3018 |       0 |   0.0 |      15 |       0 |   0.0
       D:13 |    8165 |    1831 |  18.3 |      22 |       4 |  15.4
       D:14 |    3950 |    3350 |  45.9 |      10 |       5 |  33.3
     Lair:1 |    6009 |    3173 |  34.6 |      22 |      13 |  37.1
     Lair:2 |    2232 |    1286 |  36.6 |      12 |       6 |  33.3
     Lair:3 |    6023 |       0 |   0.0 |      22 |       0 |   0.0
     Lair:4 |    4615 |    1741 |  27.4 |      13 |       2 |  13.3
     Lair:5 |    5847 |    3725 |  38.9 |      16 |      17 |  51.5
      Sewer |       0 |     347 | 100.0 |       0 |      27 | 100.0
            +---------+---------+-------+---------+---------+-------
